 Dungeon Crawl Stone Soup version 0.29.0-4-gdea44cf6ec (webtiles) character file.

Game seed: 14623573884479577894

645 qw the Grappler (level 7, -4/66 HPs)
             Began as a Troll Cinder Acolyte on Sept 3, 2022.
             Was a High Priest of Ignis.
             Slain by an orc warrior
             ... wielding a +0 war axe
              (16 damage)
             ... on level 4 of the Dungeon.
             The game lasted 00:01:50 (3240 turns).

qw the Grappler (Troll Cinder Acolyte)              Turns: 3240, Time: 00:01:50

Health: -4/66      AC: 11    Str: 25    XL:     7   Next: 27%
Magic:  7/7        EV:  9    Int: 10    God:    Ignis [*****.]
Gold:   96         SH:  0    Dex:  5    Spells: 8/8 levels left

rFire   + . .      SeeInvis .     - Unarmed
rCold   . . .      Faith    .   (no shield)
rNeg    . . .      Spirit   .   a - +0 robe
rPois   .          Reflect  .   (helmet restricted)
rElec   .          Harm     .   (no cloak)
rCorr   .          Rampage  .   (gloves unavailable)
Will    .....                   (boots unavailable)
Stlth   +.........              (no amulet)
HPRegen 1.01/turn               (no ring)
MPRegen 0.10/turn               (no ring)

@: about to teleport, fiery-armoured
A: large, unfitting armour, claws 3, regeneration 1, shaggy fur 1, tough skin 1
a: Renounce Religion, Fiery Armour, Foxfire Swarm, Rising Flame


You were on level 4 of the Dungeon.
You worshipped Ignis.
Ignis was extremely pleased with you.
You visited 1 branch of the dungeon, and saw 4 of its levels.

You collected 181 gold pieces.
You spent 85 gold pieces at shops.


Innate Abilities, Weirdness & Mutations

You are too large for most types of armour.
You have claws for hands.
Your natural rate of healing is unusually fast.
You are covered in fur. (AC +1)
You have tough skin. (AC +1)


   Skills:
 + Level 2.5 Fighting
 - Level 2.2 Throwing
 - Level 8.0 Unarmed Combat
 - Level 1.0 Spellcasting
 - Level 2.1 Fire Magic


You had 8 spell levels left.
You didn't know any spells.
Your spell library contained the following spells:

 Spells                   Type           Power      Damage    Failure   Level
 Scorch                   Fire           8%         2d5       22%         2

Inventory:

Armour
 a - a +0 robe (worn)
 k - a +2 robe of willpower
Scrolls
 b - 2 scrolls of teleportation
 c - 2 scrolls of enchant armour
 f - a scroll of fear {unknown}
 h - a scroll of identify
Potions
 d - 3 potions of heal wounds
 e - 2 potions of invisibility {unknown}
 g - a potion of curing {unknown}
 i - a potion of mutation {unknown}
 j - a potion of resistance {unknown}

Dungeon Overview and Level Annotations

Branches:
Dungeon (4/15)
 Temple: D:4-7

Altars:
Fedhas
Okawaru
Yredelemnul
Zin

Shops:
D:4 [

Annotations:
D:2 1 runed translucent door, Crazy Yiuf


Message History

The ufetubus barely misses you. The ufetubus hits you.
The orc hits you with a +0 dagger.
3229 ||| Stepping ~*~*~tactically~*~*~ (outnumbered).
The ufetubus hits you but does no damage.
The ufetubus hits you.
You claw the ufetubus!
You kill the ufetubus!
3231 ||| Stepping ~*~*~tactically~*~*~ (outnumbered).
The orc warrior attacks as you move away!
The orc warrior hits you with a +0 war axe!!
The orc attacks as you move away! The orc hits you with a +0 dagger.
The orc hits you with a +0 dagger.
3232 ||| Stepping ~*~*~tactically~*~*~ (outnumbered).
The orc attacks as you move away! The orc hits you with a +0 dagger.
You scratch the orc.
You kill the orc!
You scratch the orc but do no damage. The orc barely misses you.
You scratch the orc.
The orc is lightly wounded.
You claw the orc!
You kill the orc!
You scratch the orc warrior.
The orc warrior is moderately wounded.
The orc warrior hits you with a +0 war axe!
3238 ||| INVOKING Fiery Armour.
A protective cloak of flame settles atop you.
The orc warrior hits you with a +0 war axe!
The orc warrior is burned by your cloak of flames.
The orc warrior is moderately wounded.
You scratch the orc warrior but do no damage.
The orc warrior is moderately wounded.
The orc warrior hits you with a +0 war axe!
The orc warrior is burned by your cloak of flames.
The orc warrior is heavily wounded.
3240 ||| READING 3 scrolls of teleportation.
As you read the scroll of teleportation, it crumbles to dust.
You feel strangely unstable.
The orc warrior hits you with a +0 war axe!
You die...

...##........(.
............. ............
#.......... #........#
#.....)..# #.)......#
#o#....... #@#.......
#####+#.##.#.......
#........##.########
#........##.#.........
#........##.#............#
#........##.#............#
#........##.#............#
##........##)#............#
..........................#


You could see an orc warrior.

Vanquished Creatures
  A phantom (D:4)
  A scorpion (D:4)
  A necrophage (D:4)
  A hound (D:3)
  2 orc priests
  Terence (D:3)
  An iguana (D:4)
  An orc wizard (D:4)
  Robin (D:2)
  8 adders
  9 gnolls
  An ufetubus (D:4)
  2 worms (D:3)
  12 orcs
  9 endoplasms
  6 giant cockroaches
  10 goblins
  6 hobgoblins
  4 jackals (D:4)
  4 quokkas
  2 ball pythons (D:4)
  4 bats
  3 frilled lizards
  10 kobolds
  5 rats
105 creatures vanquished.

Notes
Turn   | Place    | Note
-------+----------+-------------------------------------------
     0 | D:1      | qw the Troll Cinder Acolyte began the quest for the Orb.
     0 | D:1      | Reached XP level 1. HP: 22/22 MP: 1/1
     0 | D:1      | 0 ||| qw: Version: 0.1-a-100-g36b9a1f
     0 | D:1      | 0 ||| qw: Game counter: 5042
     0 | D:1      | 0 ||| qw: Always use a shield: true
     0 | D:1      | 0 ||| qw: God list: Okawaru
     0 | D:1      | 0 ||| qw: Allow faded altars: false
     0 | D:1      | 0 ||| qw: Do Orc after D:15 true
     0 | D:1      | 0 ||| qw: Do second Lair branch before Depths: true
     0 | D:1      | 0 ||| qw: Lair rune preference: random
     0 | D:1      | 0 ||| qw: Plans: Normal
     0 | D:1      | 0 ||| PLANNING D:1-11
   289 | D:1      | Reached XP level 2. HP: 29/29 MP: 2/2
   590 | D:1      | Reached skill level 1 in Throwing
   895 | D:1      | 895 ||| READING scroll labelled QUDGHI UZIO.
   898 | D:1      | 898 ||| READING scroll labelled DUW WOM UCSOCYU.
   899 | D:1      | 899 ||| READING scroll labelled OMITAS RETUFE.
   900 | D:1      | 900 ||| READING scroll labelled ZABRIOCEIF.
   968 | D:2      | Reached skill level 4 in Unarmed Combat
   968 | D:2      | Reached XP level 3. HP: 36/36 MP: 3/3
  1019 | D:2      | Found an iron altar of Okawaru.
  1057 | D:2      | Noticed Robin
  1058 | D:2      | 1058 ||| Stepping ~*~*~tactically~*~*~ (hiding).
  1140 | D:2      | 1140 ||| Stepping ~*~*~tactically~*~*~ (hiding).
  1142 | D:2      | 1142 ||| FLEEEEING.
  1144 | D:2      | 1144 ||| Stepping ~*~*~tactically~*~*~ (hiding).
  1145 | D:2      | 1145 ||| Stepping ~*~*~tactically~*~*~ (hiding).
  1152 | D:2      | Killed Robin
  1238 | D:2      | 1238 ||| Stepping ~*~*~tactically~*~*~ (stealth).
  1240 | D:2      | 1240 ||| Stepping ~*~*~tactically~*~*~ (stealth).
  1536 | D:2      | Reached XP level 4. HP: 44/44 MP: 4/4
  1668 | D:2      | Found a runed translucent door.
  1669 | D:2      | Noticed Crazy Yiuf
  1672 | D:2      | 1672 ||| READING scroll labelled UMNOUD ZEXET.
  1673 | D:2      | 1673 ||| READING scroll labelled ZOISET TUTUXOSS.
  1695 | D:2      | 1695 ||| DRINKING 3 pink potions.
  1696 | D:2      | 1696 ||| DRINKING 2 metallic golden potions.
  1697 | D:2      | 1697 ||| READING 2 scrolls of identify.
  1697 | D:2      | 1697 ||| IDENTIFYING metallic puce potion
  1698 | D:2      | 1698 ||| DROPPING potion of degeneration.
  1699 | D:2      | 1699 ||| DROPPING potion of flight.
  1757 | D:3      | Found a basalt altar of Yredelemnul.
  1778 | D:3      | 1778 ||| FLEEEEING.
  1779 | D:3      | 1779 ||| FLEEEEING.
  1780 | D:3      | 1780 ||| FLEEEEING.
  1781 | D:3      | 1781 ||| STAIRDANCE
  1906 | D:3      | 1906 ||| STAIRDANCE
  1909 | D:2      | Reached skill level 5 in Unarmed Combat
  2071 | D:3      | Found a blossoming altar of Fedhas.
  2123 | D:3      | 2123 ||| INVOKING Fiery Armour.
  2134 | D:3      | Reached XP level 5. HP: 50/50 MP: 5/5
  2260 | D:3      | 2260 ||| Stepping ~*~*~tactically~*~*~ (hiding).
  2270 | D:3      | Reached skill level 6 in Unarmed Combat
  2364 | D:3      | Noticed Terence
  2372 | D:3      | Killed Terence
  2614 | D:3      | 2614 ||| Stepping ~*~*~tactically~*~*~ (stealth).
  2737 | D:3      | 2737 ||| READING 2 scrolls of identify.
  2737 | D:3      | 2737 ||| IDENTIFYING viscous clear potion
  2738 | D:3      | 2738 ||| DROPPING potion of lignification.
  2787 | D:4      | 2787 ||| Stepping ~*~*~tactically~*~*~ (stealth).
  2801 | D:4      | Reached XP level 6. HP: 48/59 MP: 6/6
  2802 | D:4      | 2802 ||| Stepping ~*~*~tactically~*~*~ (stealth).
  2880 | D:4      | 2880 ||| Stepping ~*~*~tactically~*~*~ (stealth).
  2912 | D:4      | Reached skill level 7 in Unarmed Combat
  2936 | D:4      | 2936 ||| INVOKING Fiery Armour.
  2943 | D:4      | 2943 ||| Stepping ~*~*~tactically~*~*~ (outnumbered).
  2944 | D:4      | 2944 ||| Stepping ~*~*~tactically~*~*~ (outnumbered).
  2945 | D:4      | 2945 ||| Stepping ~*~*~tactically~*~*~ (outnumbered).
  2946 | D:4      | 2946 ||| Stepping ~*~*~tactically~*~*~ (outnumbered).
  2947 | D:4      | 2947 ||| Stepping ~*~*~tactically~*~*~ (outnumbered).
  2948 | D:4      | 2948 ||| Stepping ~*~*~tactically~*~*~ (stealth).
  2979 | D:4      | Found Daxuobatyu's Antique Armour Shop.
  2983 | D:4      | 2983 ||| Stepping ~*~*~tactically~*~*~ (outnumbered).
  3010 | D:4      | Reached XP level 7. HP: 45/66 MP: 7/7
  3063 | D:4      | 3063 ||| SHOPLISTING +1 cloak of Starlight {*Dazzle EV+4
                  | Stlth--} (701 gold, have 163).
  3063 | D:4      | 3063 ||| BUYING glowing robe (85 gold).
  3063 | D:4      | Bought a glowing robe for 85 gold pieces
  3063 | D:4      | 3063 ||| SHOPLISTING glowing robe (85 gold, have 78).
  3135 | D:4      | Found a glowing silver altar of Zin.
  3138 | D:4      | Noticed an angel
  3172 | D:4      | 3172 ||| Stepping ~*~*~tactically~*~*~ (hiding).
  3178 | D:4      | 3178 ||| Stepping ~*~*~tactically~*~*~ (outnumbered).
  3179 | D:4      | 3179 ||| Stepping ~*~*~tactically~*~*~ (outnumbered).
  3180 | D:4      | 3180 ||| Stepping ~*~*~tactically~*~*~ (outnumbered).
  3181 | D:4      | 3181 ||| Stepping ~*~*~tactically~*~*~ (outnumbered).
  3183 | D:4      | 3183 ||| Stepping ~*~*~tactically~*~*~ (outnumbered).
  3184 | D:4      | 3184 ||| Stepping ~*~*~tactically~*~*~ (outnumbered).
  3190 | D:4      | Reached skill level 8 in Unarmed Combat
  3229 | D:4      | 3229 ||| Stepping ~*~*~tactically~*~*~ (outnumbered).
  3231 | D:4      | 3231 ||| Stepping ~*~*~tactically~*~*~ (outnumbered).
  3232 | D:4      | 3232 ||| Stepping ~*~*~tactically~*~*~ (outnumbered).
  3238 | D:4      | 3238 ||| INVOKING Fiery Armour.
  3239 | D:4      | HP: 11/66 [orc warrior/+0 war axe (7)]
  3240 | D:4      | 3240 ||| READING 3 scrolls of teleportation.
  3240 | D:4      | Slain by an orc warrior

Levels and vault maps discovered:
D:1:      dpeg_arrival_castle, layout_basic
D:2:      layout_loops_ring, basic_altar, uniq_robin, uniq_crazy_yiuf_cottage
D:3:      layout_loops_ring, mainiacjoe_overflow_catwalk_spiral, minivault_4,
          uniq_terence
D:4:      layout_basic, grunt_temple_overflow_order_and_chaos_1,
          vehumet_altar_wand_db, serial_shops, shop

Skill      XL: |  1  2  3  4  5  6  7 |
---------------+----------------------+-----
Throwing       | 1 2 |  2.2
Unarmed Combat | 4 5 6 7 8 |  8.0
Fighting       | |  2.5
Spellcasting   | |  1.0
Fire Magic     | |  2.1

Action                   |  1- 3 |  4- 6 |  7- 9 || total
-------------------------+-------+-------+-------++-------
Melee: Unarmed           |    69 |   111 |    33 ||   213
       Punch             |     2 |     3 |     1 ||     6
Throw: Large rock        |    29 |    29 |     3 ||    61
Invok: Fiery Armour      |       |     2 |     1 ||     3
  Use: Scroll            |     4 |     4 |     1 ||     9
       Potion            |       |     2 |       ||     2
Armor: Robe              |    17 |    21 |     6 ||    44
Dodge: Dodged            |    26 |    44 |    13 ||    83

Table legend:
 A = Non-vault XP
 B = Vault XP
 C = Vault XP percentage of total XP
 D = Non-vault monster count
 E = Vault monster count
 F = Vault count percentage of total count
                 A         B        C        D         E       F
            +---------+---------+-------+---------+---------+-------
      Total |     854 |      68 |   7.4 |      95 |      10 |   9.5
            +---------+---------+-------+---------+---------+-------
        D:1 |      29 |       0 |   0.0 |      18 |       0 |   0.0
        D:2 |      50 |      29 |  36.7 |      16 |       8 |  33.3
        D:3 |     214 |      38 |  15.1 |      29 |       1 |   3.3
        D:4 |     561 |       1 |   0.2 |      32 |       1 |   3.0
            +---------+---------+-------+---------+---------+-------
